[ AOE2 MATCH · #479975902 ]
UnrankedLithuanians vs Incas
[ REPLAY ANALYSIS · EXTRACTED FROM THE RECORDED GAME ]
Feudal
10:08
Castle
17:37
Imperial
30:47
| APM avg | 35.9 |
| APM peak | 120 |
| eAPM avg | 12.2 |
| Villagers / military | 107 / 362 |
Focus
⚔️ 38.9% · 🌾 61.1%
Knight ×214 · Scout Cavalry ×128 · Trebuchet (Packed) ×12 · Monk ×5 · Militia ×3
Feudal
11:45
Castle
19:27
Imperial
28:04
| APM avg | 19.5 |
| APM peak | 117 |
| eAPM avg | 14.4 |
| Villagers / military | 78 / 272 |
Focus
⚔️ 46.0% · 🌾 54.0%
Longbowman ×262 · Trebuchet (Packed) ×10 · Trade Cart ×1
Feudal
10:57
Castle
14:31
Imperial
30:08
| APM avg | 18.5 |
| APM peak | 48 |
| eAPM avg | 13.7 |
| Villagers / military | 127 / 511 |
Focus
⚔️ 42.8% · 🌾 57.2%
Skirmisher ×286 · Kamayuk ×136 · Spearman ×53 · Archer ×19 · Trebuchet (Packed) ×11 · Mangonel ×6
Feudal
11:39
Castle
15:50
Imperial
31:43
| APM avg | 27.6 |
| APM peak | 67 |
| eAPM avg | 21.6 |
| Villagers / military | 161 / 528 |
Focus
⚔️ 52.3% · 🌾 47.7%
Skirmisher ×301 · Conquistador ×102 · Scout Cavalry ×78 · Mangonel ×14 · Trebuchet (Packed) ×14 · Battering Ram ×8
Feudal
12:19
Castle
16:45
Imperial
34:29
| APM avg | 22.4 |
| APM peak | 41 |
| eAPM avg | 17.2 |
| Villagers / military | 155 / 623 |
Focus
⚔️ 39.9% · 🌾 60.1%
Scout Cavalry ×387 · Cavalry Archer ×201 · Hand Cannoneer ×27 · Trade Cart ×15 · Archer ×3 · Trebuchet (Packed) ×3
Feudal
10:08
Castle
19:19
Imperial
31:52
| APM avg | 19.6 |
| APM peak | 57 |
| eAPM avg | 16.5 |
| Villagers / military | 177 / 431 |
Focus
⚔️ 52.8% · 🌾 47.2%
Skirmisher ×228 · Spearman ×185 · Scout Cavalry ×15 · Trebuchet (Packed) ×2 · Monk ×1
Match map
Initial resources + every placement click. Lines = walls · curves = elevation contours. ◆ gold · ⬟ stone · ● berries · ✦ relic · ◌ wall gap
Your base· ✓ Closed at 17:37 · 0t walls · 3 gate(s)
Goup's base· ✓ Closed at 19:27 · 0t walls · 2 gate(s)
AYUDA-PERÚ's base· ✓ Closed at 14:31 · 0t walls · 2 gate(s)
Chino98's base· ✓ Closed at 15:50 · 0t walls · 3 gate(s)
kuzeyin oğlu's base· ✓ Closed at 16:45 · 0t walls · 2 gate(s)
Axel_Matic's base· ✓ Closed at 19:19 · 0t walls · 2 gate(s)
Smoothed initial terrain · ◌ = detected wall gap · hover for details
Inputs per minute
— gazza17 - - Goup
Build order — gazza17
First 150 of 348 actions detected
| 0:03 | Create | Villager (Male) |
| 0:03 | Create | Villager (Male) |
| 0:04 | Create | Villager (Male) |
| 0:04 | Create | Villager (Male) |
| 0:07 | Build | House |
| 0:10 | Build | House |
| 0:39 | Create | Villager (Male) |
| 0:39 | Create | Villager (Male) |
| 1:43 | Create | Villager (Male) |
| 1:49 | Build | Lumber Camp |
| 2:03 | Create | Villager (Male) |
| 3:06 | Create | Villager (Male) |
| 3:06 | Create | Villager (Male) |
| 3:07 | Create | Villager (Male) |
| 3:39 | Build | House |
| 4:15 | Create | Villager (Male) |
| 4:15 | Create | Villager (Male) |
| 4:41 | Create | Villager (Male) |
| 4:57 | Build | Mill |
| 5:43 | Create | Villager (Male) |
| 5:43 | Create | Villager (Male) |
| 5:53 | Build | House |
| 6:28 | Create | Villager (Male) |
| 6:29 | Create | Villager (Male) |
| 6:54 | Create | Villager (Male) |
| 7:13 | Build | Mining Camp |
| 7:55 | Research | Feudal Age |
| 8:55 | Build | Barracks |
| 9:09 | Build | Farm |
| 9:14 | Build | Farm |
| 9:32 | Build | Farm |
| 9:49 | Build | Farm |
| 9:59 | Create | Militia |
| 10:00 | Create | Militia |
| 10:01 | Create | Militia |
| 10:04 | Build | House |
| 10:08 | Age | Feudal Age |
| 10:13 | Create | Villager (Male) |
| 10:13 | Create | Villager (Male) |
| 10:46 | Build | Blacksmith |
| 10:56 | Research | Double-Bit Axe |
| 11:10 | Create | Villager (Male) |
| 11:10 | Create | Villager (Male) |
| 11:23 | Build | Farm |
| 11:31 | Build | Farm |
| 12:04 | Create | Villager (Male) |
| 12:17 | Build | Stable |
| 12:20 | Build | House |
| 12:26 | Create | Villager (Male) |
| 12:43 | Build | Lumber Camp |
| 12:48 | Create | Villager (Male) |
| 13:21 | Build | Farm |
| 13:24 | Create | Villager (Male) |
| 13:32 | Research | Loom |
| 13:40 | Build | House |
| 13:41 | Create | Villager (Male) |
| 13:56 | Build | Farm |
| 14:04 | Build | Farm |
| 14:16 | Build | Farm |
| 14:23 | Build | Farm |
| 14:28 | Build | Farm |
| 14:31 | Create | Villager (Male) |
| 14:40 | Build | Farm |
| 14:57 | Research | Castle Age |
| 15:50 | Create | Scout Cavalry |
| 15:50 | Create | Scout Cavalry |
| 15:50 | Create | Scout Cavalry |
| 16:16 | Build | Farm |
| 16:27 | Research | Scale Barding Armor |
| 16:37 | Research | Horse Collar |
| 16:55 | Research | Gold Mining |
| 17:29 | Create | Scout Cavalry |
| 17:29 | Create | Scout Cavalry |
| 17:37 | Age | Castle Age |
| 17:47 | Build | Monastery |
| 17:49 | Build | House |
| 17:49 | Build | House |
| 17:53 | Create | Villager (Male) |
| 17:53 | Create | Villager (Male) |
| 18:06 | Build | Town Center |
| 18:20 | Build | House |
| 18:28 | Create | Monk |
| 18:50 | Create | Villager (Male) |
| 18:50 | Create | Villager (Male) |
| 18:50 | Create | Villager (Male) |
| 18:56 | Research | Bow Saw |
| 19:13 | Create | Monk |
| 19:47 | Create | Villager (Male) |
| 19:47 | Create | Villager (Male) |
| 19:47 | Create | Villager (Male) |
| 19:48 | Create | Villager (Male) |
| 20:08 | Build | Farm |
| 20:10 | Build | Farm |
| 20:12 | Build | Farm |
| 20:40 | Create | Monk |
| 21:31 | Create | Villager (Male) |
| 21:31 | Create | Villager (Male) |
| 21:32 | Create | Villager (Male) |
| 21:32 | Create | Villager (Male) |
| 21:32 | Create | Villager (Male) |
| 21:33 | Create | Villager (Male) |
| 21:33 | Create | Villager (Male) |
| 21:33 | Create | Villager (Male) |
| 21:40 | Build | Farm |
| 21:41 | Build | Farm |
| 21:44 | Build | Farm |
| 21:49 | Build | Farm |
| 21:55 | Build | Farm |
| 21:56 | Build | Farm |
| 22:03 | Research | Bloodlines |
| 22:04 | Research | Husbandry |
| 22:24 | Create | Villager (Male) |
| 22:25 | Create | Villager (Male) |
| 22:26 | Create | Villager (Male) |
| 22:26 | Create | Villager (Male) |
| 22:59 | Create | Monk |
| 23:07 | Create | Villager (Male) |
| 23:08 | Create | Villager (Male) |
| 23:08 | Create | Villager (Male) |
| 23:08 | Create | Villager (Male) |
| 23:19 | Build | Farm |
| 23:20 | Build | Farm |
| 23:22 | Build | Farm |
| 23:28 | Build | Farm |
| 23:41 | Build | House |
| 23:42 | Build | House |
| 23:42 | Build | House |
| 23:42 | Build | House |
| 23:42 | Build | House |
| 23:43 | Build | House |
| 23:52 | Research | Wheelbarrow |
| 23:52 | Research | Town Watch |
| 23:57 | Build | Farm |
| 24:01 | Build | Farm |
| 24:52 | Create | Villager (Male) |
| 24:52 | Create | Villager (Male) |
| 24:52 | Create | Villager (Male) |
| 25:09 | Build | Farm |
| 25:12 | Build | Farm |
| 25:18 | Build | Farm |
| 25:24 | Build | Farm |
| 25:28 | Build | Farm |
| 25:30 | Create | Villager (Male) |
| 25:30 | Create | Villager (Male) |
| 26:07 | Build | University |
| 26:40 | Create | Monk |
| 26:40 | Create | Villager (Male) |
| 26:40 | Create | Villager (Male) |
| 26:41 | Create | Villager (Male) |
| 26:41 | Create | Villager (Male) |
Build order — Goup
First 150 of 442 actions detected
| 0:03 | Create | Villager (Male) |
| 0:03 | Create | Villager (Male) |
| 0:03 | Create | Villager (Male) |
| 0:04 | Create | Villager (Male) |
| 0:06 | Build | House |
| 0:48 | Build | House |
| 0:50 | Build | House |
| 0:52 | Build | House |
| 1:28 | Create | Villager (Male) |
| 2:43 | Create | Villager (Male) |
| 2:43 | Create | Villager (Male) |
| 2:43 | Create | Villager (Male) |
| 3:15 | Create | Villager (Male) |
| 3:40 | Create | Villager (Male) |
| 4:04 | Create | Villager (Male) |
| 4:10 | Build | Lumber Camp |
| 4:33 | Create | Villager (Male) |
| 4:33 | Create | Villager (Male) |
| 5:02 | Create | Villager (Male) |
| 6:18 | Build | Mill |
| 6:27 | Create | Villager (Male) |
| 6:46 | Create | Villager (Male) |
| 7:18 | Create | Villager (Male) |
| 7:28 | Build | Mining Camp |
| 7:35 | Build | House |
| 7:38 | Build | House |
| 7:43 | Create | Villager (Male) |
| 7:58 | Create | Villager (Male) |
| 8:25 | Create | Villager (Male) |
| 9:10 | Create | Villager (Male) |
| 9:33 | Research | Feudal Age |
| 10:20 | Create | Villager (Male) |
| 10:45 | Create | Villager (Male) |
| 11:45 | Age | Feudal Age |
| 11:55 | Create | Villager (Male) |
| 12:02 | Build | Farm |
| 12:05 | Build | Farm |
| 12:06 | Build | Farm |
| 12:07 | Build | Farm |
| 12:09 | Build | Farm |
| 12:12 | Build | Farm |
| 12:16 | Create | Villager (Male) |
| 12:31 | Build | Market |
| 12:45 | Create | Villager (Male) |
| 13:37 | Build | Farm |
| 13:39 | Build | Farm |
| 13:43 | Create | Villager (Male) |
| 13:49 | Build | Farm |
| 13:52 | Create | Villager (Male) |
| 13:55 | Build | Farm |
| 14:03 | Build | Farm |
| 14:22 | Build | Farm |
| 14:29 | Build | House |
| 14:34 | Create | Villager (Male) |
| 14:42 | Build | Farm |
| 14:53 | Create | Villager (Male) |
| 15:15 | Create | Villager (Male) |
| 15:17 | Build | Farm |
| 15:38 | Build | Blacksmith |
| 15:42 | Build | Farm |
| 15:45 | Create | Villager (Male) |
| 16:22 | Create | Villager (Male) |
| 16:24 | Build | Farm |
| 16:40 | Research | Castle Age |
| 16:48 | Build | House |
| 16:52 | Build | Farm |
| 16:57 | Create | Villager (Male) |
| 17:10 | Build | House |
| 17:15 | Create | Villager (Male) |
| 17:19 | Research | Double-Bit Axe |
| 17:27 | Research | Horse Collar |
| 19:14 | Create | Villager (Male) |
| 19:27 | Age | Castle Age |
| 19:38 | Build | Town Center |
| 19:47 | Build | Town Center |
| 20:04 | Create | Villager (Male) |
| 20:50 | Create | Villager (Male) |
| 20:50 | Create | Villager (Male) |
| 20:55 | Create | Villager (Male) |
| 20:55 | Create | Villager (Male) |
| 21:09 | Create | Villager (Male) |
| 21:10 | Create | Villager (Male) |
| 21:25 | Create | Villager (Male) |
| 21:26 | Create | Villager (Male) |
| 21:58 | Create | Villager (Male) |
| 22:00 | Create | Villager (Male) |
| 22:03 | Create | Villager (Male) |
| 22:35 | Create | Villager (Male) |
| 22:35 | Create | Villager (Male) |
| 22:42 | Create | Villager (Male) |
| 22:43 | Create | Villager (Male) |
| 22:47 | Create | Villager (Male) |
| 22:47 | Create | Villager (Male) |
| 23:03 | Build | Castle |
| 23:25 | Build | Mill |
| 23:57 | Create | Villager (Male) |
| 23:58 | Create | Villager (Male) |
| 24:33 | Build | University |
| 24:44 | Build | Farm |
| 24:54 | Research | Imperial Age |
| 25:07 | Create | Longbowman |
| 25:08 | Create | Longbowman |
| 25:30 | Create | Villager (Male) |
| 25:32 | Create | Villager (Male) |
| 25:32 | Create | Villager (Male) |
| 25:56 | Research | Heavy Plow |
| 26:02 | Research | Murder Holes |
| 26:06 | Create | Longbowman |
| 26:06 | Create | Longbowman |
| 26:07 | Create | Longbowman |
| 26:19 | Build | Castle |
| 26:29 | Research | Wheelbarrow |
| 26:32 | Create | Villager (Male) |
| 26:34 | Create | Villager (Male) |
| 26:34 | Create | Villager (Male) |
| 26:36 | Create | Villager (Male) |
| 26:36 | Create | Villager (Male) |
| 26:47 | Research | Bow Saw |
| 26:59 | Research | Gold Mining |
| 27:01 | Research | Padded Archer Armor |
| 27:02 | Research | Fletching |
| 27:09 | Create | Villager (Male) |
| 27:18 | Build | House |
| 27:19 | Build | House |
| 27:21 | Build | House |
| 27:23 | Build | House |
| 27:45 | Create | Villager (Male) |
| 27:52 | Create | Villager (Male) |
| 27:53 | Create | Villager (Male) |
| 28:04 | Age | Imperial Age |
| 28:05 | Create | Trebuchet (Packed) |
| 28:12 | Research | Conscription |
| 28:15 | Create | Longbowman |
| 28:15 | Create | Longbowman |
| 28:24 | Create | Longbowman |
| 28:40 | Create | Trade Cart |
| 28:45 | Create | Villager (Male) |
| 28:45 | Create | Villager (Male) |
| 28:51 | Create | Villager (Male) |
| 28:51 | Create | Villager (Male) |
| 29:10 | Create | Longbowman |
| 29:11 | Create | Longbowman |
| 29:11 | Create | Longbowman |
| 29:11 | Create | Longbowman |
| 29:31 | Research | Hand Cart |
| 29:32 | Create | Villager (Male) |
| 29:35 | Create | Villager (Male) |
| 29:36 | Research | Town Watch |
| 29:40 | Research | Loom |
| 29:41 | Create | Villager (Male) |
Build order — AYUDA-PERÚ
First 150 of 538 actions detected
| 0:01 | Create | Villager (Male) |
| 0:01 | Create | Villager (Male) |
| 0:02 | Build | House |
| 0:08 | Create | Villager (Male) |
| 0:08 | Create | Villager (Male) |
| 1:36 | Create | Villager (Male) |
| 1:56 | Create | Villager (Male) |
| 2:22 | Create | Villager (Male) |
| 2:51 | Create | Villager (Male) |
| 2:52 | Create | Villager (Male) |
| 3:37 | Create | Villager (Male) |
| 3:37 | Create | Villager (Male) |
| 3:37 | Create | Villager (Male) |
| 3:53 | Build | Settlement |
| 4:28 | Create | Villager (Male) |
| 4:28 | Create | Villager (Male) |
| 5:20 | Create | Villager (Male) |
| 5:20 | Create | Villager (Male) |
| 5:20 | Create | Villager (Male) |
| 5:42 | Create | Villager (Male) |
| 5:42 | Create | Villager (Male) |
| 5:47 | Create | Villager (Male) |
| 6:15 | Create | Villager (Male) |
| 6:15 | Create | Villager (Male) |
| 6:46 | Create | Villager (Male) |
| 6:46 | Create | Villager (Male) |
| 7:15 | Build | Settlement |
| 8:24 | Research | Feudal Age |
| 9:00 | Create | Villager (Male) |
| 10:02 | Build | Settlement |
| 10:13 | Build | Settlement |
| 10:22 | Create | Villager (Male) |
| 10:23 | Create | Villager (Male) |
| 10:57 | Age | Feudal Age |
| 11:04 | Build | Market |
| 11:11 | Build | Blacksmith |
| 11:51 | Research | Castle Age |
| 12:17 | Research | Horse Collar |
| 12:53 | Build | Barracks |
| 13:06 | Research | Double-Bit Axe |
| 13:54 | Build | Farm |
| 13:54 | Build | Farm |
| 13:55 | Build | Farm |
| 13:55 | Build | Farm |
| 13:55 | Build | Farm |
| 13:55 | Build | Farm |
| 13:56 | Build | Farm |
| 14:31 | Age | Castle Age |
| 14:41 | Create | Villager (Male) |
| 14:41 | Create | Villager (Male) |
| 14:41 | Create | Villager (Male) |
| 14:57 | Build | Siege Workshop |
| 15:04 | Build | Outpost |
| 15:07 | Build | Outpost |
| 15:09 | Build | Outpost |
| 15:11 | Build | Outpost |
| 15:15 | Build | Outpost |
| 15:34 | Create | Villager (Male) |
| 15:37 | Build | Town Center |
| 15:42 | Build | Farm |
| 15:42 | Build | Farm |
| 15:57 | Create | Villager (Male) |
| 16:23 | Create | Mangonel |
| 16:40 | Create | Villager (Male) |
| 16:53 | Build | Farm |
| 16:54 | Build | Farm |
| 16:54 | Build | Farm |
| 16:59 | Research | Loom |
| 17:02 | Build | Farm |
| 17:05 | Create | Villager (Male) |
| 17:42 | Create | Villager (Male) |
| 18:02 | Build | Outpost |
| 18:05 | Create | Villager (Male) |
| 18:16 | Build | Farm |
| 18:16 | Build | Farm |
| 18:16 | Build | Farm |
| 18:17 | Build | Farm |
| 18:17 | Build | Farm |
| 18:19 | Build | Farm |
| 18:22 | Build | Farm |
| 18:29 | Create | Villager (Male) |
| 18:49 | Build | Outpost |
| 18:53 | Build | Outpost |
| 18:56 | Build | Outpost |
| 18:57 | Create | Villager (Male) |
| 18:58 | Create | Villager (Male) |
| 19:07 | Create | Villager (Male) |
| 19:32 | Research | Heavy Plow |
| 19:37 | Create | Villager (Male) |
| 19:58 | Create | Villager (Male) |
| 20:01 | Create | Villager (Male) |
| 20:11 | Create | Villager (Male) |
| 20:16 | Create | Mangonel |
| 20:35 | Create | Villager (Male) |
| 20:37 | Create | Villager (Male) |
| 21:01 | Create | Villager (Male) |
| 21:14 | Build | Farm |
| 21:14 | Build | Farm |
| 21:14 | Build | Farm |
| 21:15 | Build | Farm |
| 21:15 | Build | Farm |
| 21:26 | Research | Bow Saw |
| 21:38 | Build | Settlement |
| 21:41 | Research | Wheelbarrow |
| 21:45 | Create | Villager (Male) |
| 22:00 | Build | Settlement |
| 22:17 | Create | Villager (Male) |
| 22:33 | Create | Villager (Male) |
| 22:43 | Build | Settlement |
| 22:48 | Create | Villager (Male) |
| 22:56 | Create | Villager (Male) |
| 23:14 | Build | Town Center |
| 23:17 | Create | Villager (Male) |
| 23:23 | Create | Villager (Male) |
| 23:37 | Research | Hand Cart |
| 23:40 | Create | Villager (Male) |
| 23:40 | Create | Villager (Male) |
| 24:05 | Build | Settlement |
| 24:06 | Create | Villager (Male) |
| 24:20 | Build | Farm |
| 24:21 | Build | Farm |
| 24:21 | Build | Farm |
| 24:29 | Create | Villager (Male) |
| 24:30 | Create | Villager (Male) |
| 24:44 | Create | Villager (Male) |
| 24:45 | Create | Villager (Male) |
| 25:18 | Create | Villager (Male) |
| 25:27 | Build | Farm |
| 25:27 | Build | Farm |
| 25:27 | Build | Farm |
| 25:27 | Build | Farm |
| 25:32 | Create | Villager (Male) |
| 25:37 | Build | Monastery |
| 25:49 | Build | University |
| 25:58 | Create | Villager (Male) |
| 26:13 | Create | Villager (Male) |
| 26:13 | Create | Villager (Male) |
| 26:16 | Create | Villager (Male) |
| 26:22 | Build | Farm |
| 26:23 | Build | Farm |
| 26:34 | Create | Mangonel |
| 26:41 | Create | Mangonel |
| 26:51 | Build | Farm |
| 26:58 | Research | Imperial Age |
| 27:01 | Create | Villager (Male) |
| 27:01 | Create | Villager (Male) |
| 27:11 | Create | Mangonel |
| 27:19 | Research | Murder Holes |
| 27:23 | Research | Fletching |
| 27:57 | Build | Castle |
Build order — Chino98
First 150 of 879 actions detected
| 0:04 | Build | House |
| 0:05 | Build | House |
| 0:08 | Create | Villager (Male) |
| 0:08 | Create | Villager (Male) |
| 0:08 | Create | Villager (Male) |
| 0:08 | Create | Villager (Male) |
| 0:09 | Create | Villager (Male) |
| 0:11 | Research | Loom |
| 1:37 | Create | Villager (Male) |
| 1:37 | Create | Villager (Male) |
| 2:00 | Create | Villager (Male) |
| 2:20 | Create | Villager (Male) |
| 2:20 | Create | Villager (Male) |
| 3:20 | Create | Villager (Male) |
| 3:20 | Create | Villager (Male) |
| 3:20 | Create | Villager (Male) |
| 3:42 | Create | Villager (Male) |
| 3:42 | Create | Villager (Male) |
| 3:56 | Build | House |
| 3:58 | Build | House |
| 4:02 | Create | Villager (Male) |
| 4:03 | Create | Villager (Male) |
| 4:33 | Build | Mill |
| 4:43 | Create | Villager (Male) |
| 4:44 | Create | Villager (Male) |
| 5:05 | Create | Villager (Male) |
| 5:05 | Create | Villager (Male) |
| 5:06 | Create | Villager (Male) |
| 5:45 | Create | Villager (Male) |
| 5:46 | Create | Villager (Male) |
| 6:43 | Create | Villager (Male) |
| 6:44 | Create | Villager (Male) |
| 6:44 | Create | Villager (Male) |
| 6:44 | Create | Villager (Male) |
| 6:48 | Build | Mill |
| 7:21 | Create | Villager (Male) |
| 7:22 | Create | Villager (Male) |
| 7:22 | Create | Villager (Male) |
| 7:30 | Build | Lumber Camp |
| 7:33 | Create | Villager (Male) |
| 7:34 | Create | Villager (Male) |
| 8:07 | Create | Villager (Male) |
| 8:30 | Create | Villager (Male) |
| 8:30 | Create | Villager (Male) |
| 9:01 | Build | Mining Camp |
| 9:24 | Build | House |
| 9:25 | Build | House |
| 9:28 | Research | Feudal Age |
| 9:38 | Create | Villager (Male) |
| 9:38 | Create | Villager (Male) |
| 10:35 | Build | Mill |
| 11:02 | Build | Lumber Camp |
| 11:39 | Age | Feudal Age |
| 11:45 | Research | Town Watch |
| 12:01 | Build | Market |
| 12:39 | Build | Blacksmith |
| 13:10 | Research | Castle Age |
| 13:14 | Research | Double-Bit Axe |
| 13:47 | Research | Horse Collar |
| 13:54 | Create | Villager (Male) |
| 13:55 | Create | Villager (Male) |
| 13:55 | Create | Villager (Male) |
| 14:13 | Build | Mining Camp |
| 14:24 | Build | Farm |
| 14:25 | Build | Farm |
| 15:11 | Create | Villager (Male) |
| 15:11 | Create | Villager (Male) |
| 15:50 | Age | Castle Age |
| 16:00 | Build | Town Center |
| 16:55 | Create | Villager (Male) |
| 17:03 | Create | Villager (Male) |
| 17:04 | Create | Villager (Male) |
| 17:04 | Create | Villager (Male) |
| 17:04 | Create | Villager (Male) |
| 17:15 | Create | Villager (Male) |
| 17:17 | Create | Villager (Male) |
| 17:34 | Build | House |
| 17:35 | Build | House |
| 17:37 | Build | House |
| 17:40 | Build | House |
| 17:41 | Build | House |
| 17:57 | Build | Farm |
| 17:58 | Build | Farm |
| 18:03 | Create | Villager (Male) |
| 18:08 | Create | Villager (Male) |
| 18:17 | Research | Bow Saw |
| 18:53 | Create | Villager (Male) |
| 18:57 | Create | Villager (Male) |
| 18:58 | Create | Villager (Male) |
| 18:58 | Create | Villager (Male) |
| 19:07 | Build | Monastery |
| 19:14 | Build | House |
| 19:15 | Build | House |
| 19:38 | Create | Villager (Male) |
| 19:38 | Create | Villager (Male) |
| 19:48 | Build | University |
| 19:57 | Create | Villager (Male) |
| 20:03 | Build | Farm |
| 20:03 | Build | Farm |
| 20:04 | Build | Farm |
| 20:08 | Build | House |
| 20:09 | Build | House |
| 20:12 | Create | Villager (Male) |
| 20:18 | Build | Farm |
| 20:18 | Build | Farm |
| 20:18 | Build | Farm |
| 20:55 | Create | Villager (Male) |
| 20:55 | Create | Villager (Male) |
| 21:01 | Build | House |
| 21:02 | Build | House |
| 21:03 | Create | Villager (Male) |
| 21:03 | Create | Villager (Male) |
| 21:09 | Build | Farm |
| 21:12 | Create | Missionary |
| 21:12 | Create | Missionary |
| 21:28 | Create | Monk |
| 22:13 | Build | Castle |
| 22:17 | Build | Siege Workshop |
| 22:20 | Build | Barracks |
| 22:25 | Build | Farm |
| 22:25 | Build | Farm |
| 22:26 | Create | Villager (Male) |
| 22:27 | Create | Villager (Male) |
| 22:27 | Create | Villager (Male) |
| 22:28 | Create | Villager (Male) |
| 22:39 | Build | Town Center |
| 22:45 | Build | House |
| 22:50 | Research | Murder Holes |
| 22:58 | Build | Farm |
| 22:58 | Build | Farm |
| 22:58 | Build | Farm |
| 23:00 | Create | Villager (Male) |
| 23:07 | Build | Farm |
| 23:07 | Build | Farm |
| 23:07 | Build | Farm |
| 23:13 | Create | Villager (Male) |
| 23:13 | Create | Villager (Male) |
| 23:28 | Create | Villager (Male) |
| 23:33 | Build | House |
| 23:39 | Create | Villager (Male) |
| 23:39 | Create | Villager (Male) |
| 23:48 | Build | Mining Camp |
| 24:11 | Create | Villager (Male) |
| 24:11 | Create | Villager (Male) |
| 24:11 | Create | Villager (Male) |
| 24:16 | Create | Villager (Male) |
| 24:22 | Build | House |
| 24:29 | Create | Conquistador |
| 24:29 | Create | Conquistador |
| 24:45 | Research | Gold Mining |
Build order — kuzeyin oğlu
First 150 of 613 actions detected
| 0:00 | Create | Villager (Male) |
| 0:01 | Create | Villager (Male) |
| 0:07 | Build | House |
| 0:08 | Build | House |
| 0:20 | Create | Villager (Male) |
| 0:20 | Create | Villager (Male) |
| 1:41 | Create | Villager (Male) |
| 1:51 | Build | Lumber Camp |
| 2:12 | Create | Villager (Male) |
| 2:34 | Create | Villager (Male) |
| 2:54 | Create | Villager (Male) |
| 3:21 | Create | Villager (Male) |
| 3:56 | Create | Villager (Male) |
| 3:59 | Build | Mill |
| 4:23 | Create | Villager (Male) |
| 4:57 | Create | Villager (Male) |
| 5:07 | Build | House |
| 5:08 | Research | Loom |
| 5:24 | Create | Villager (Male) |
| 5:25 | Create | Villager (Male) |
| 5:25 | Create | Villager (Male) |
| 5:40 | Create | Villager (Male) |
| 5:46 | Build | House |
| 6:17 | Build | House |
| 6:21 | Create | Villager (Male) |
| 6:42 | Create | Villager (Male) |
| 6:43 | Create | Villager (Male) |
| 6:43 | Create | Villager (Male) |
| 7:07 | Create | Villager (Male) |
| 7:08 | Create | Villager (Male) |
| 7:08 | Create | Villager (Male) |
| 7:23 | Create | Villager (Male) |
| 8:24 | Build | Barracks |
| 8:57 | Build | Farm |
| 9:14 | Research | Feudal Age |
| 9:54 | Build | Mining Camp |
| 10:16 | Build | Farm |
| 10:27 | Build | Farm |
| 11:12 | Create | Villager (Male) |
| 11:12 | Create | Villager (Male) |
| 11:44 | Build | House |
| 12:19 | Age | Feudal Age |
| 12:22 | Build | Blacksmith |
| 12:24 | Build | Market |
| 12:55 | Build | Farm |
| 12:56 | Build | Farm |
| 12:56 | Build | Farm |
| 12:56 | Build | Farm |
| 13:07 | Create | Villager (Male) |
| 13:39 | Build | Farm |
| 13:43 | Build | Farm |
| 13:49 | Build | Farm |
| 14:05 | Research | Castle Age |
| 14:06 | Research | Castle Age |
| 14:53 | Build | House |
| 14:54 | Build | House |
| 14:56 | Build | House |
| 15:05 | Research | Fletching |
| 15:11 | Build | Archery Range |
| 15:21 | Create | Villager (Male) |
| 15:21 | Create | Villager (Male) |
| 15:32 | Build | Farm |
| 16:31 | Research | Double-Bit Axe |
| 16:32 | Research | Horse Collar |
| 16:45 | Age | Castle Age |
| 16:49 | Build | Town Center |
| 17:08 | Create | Villager (Male) |
| 17:19 | Build | Town Center |
| 17:45 | Build | Mining Camp |
| 17:46 | Create | Villager (Male) |
| 17:46 | Create | Villager (Male) |
| 18:12 | Build | Farm |
| 18:21 | Create | Villager (Male) |
| 18:28 | Create | Villager (Male) |
| 18:38 | Create | Cavalry Archer |
| 18:41 | Build | Farm |
| 18:45 | Create | Villager (Male) |
| 18:51 | Build | Farm |
| 18:56 | Build | Farm |
| 19:04 | Build | Farm |
| 19:09 | Build | Farm |
| 19:11 | Build | Farm |
| 19:13 | Create | Villager (Male) |
| 19:13 | Create | Villager (Male) |
| 19:35 | Build | Farm |
| 19:40 | Create | Villager (Male) |
| 20:02 | Create | Villager (Male) |
| 20:03 | Create | Villager (Male) |
| 20:03 | Create | Villager (Male) |
| 20:07 | Create | Villager (Male) |
| 20:09 | Create | Villager (Male) |
| 20:17 | Build | Farm |
| 20:31 | Create | Villager (Male) |
| 20:32 | Create | Villager (Male) |
| 20:38 | Build | Farm |
| 20:56 | Create | Archer |
| 20:57 | Create | Archer |
| 21:00 | Create | Cavalry Archer |
| 21:01 | Create | Cavalry Archer |
| 21:05 | Create | Cavalry Archer |
| 21:05 | Create | Cavalry Archer |
| 21:08 | Create | Villager (Male) |
| 21:09 | Create | Villager (Male) |
| 21:09 | Create | Villager (Male) |
| 21:16 | Build | House |
| 21:16 | Build | House |
| 21:17 | Build | House |
| 21:23 | Create | Cavalry Archer |
| 21:23 | Create | Cavalry Archer |
| 21:24 | Create | Cavalry Archer |
| 21:26 | Create | Villager (Male) |
| 21:26 | Create | Villager (Male) |
| 21:26 | Create | Villager (Male) |
| 21:33 | Build | Farm |
| 21:37 | Create | Villager (Male) |
| 21:38 | Create | Villager (Male) |
| 21:43 | Build | Farm |
| 21:47 | Build | Farm |
| 22:18 | Build | Archery Range |
| 22:27 | Create | Villager (Male) |
| 22:28 | Create | Villager (Male) |
| 22:28 | Create | Villager (Male) |
| 22:29 | Create | Villager (Male) |
| 22:30 | Create | Villager (Male) |
| 22:30 | Create | Villager (Male) |
| 22:34 | Build | House |
| 22:35 | Build | House |
| 22:37 | Build | House |
| 22:40 | Create | Villager (Male) |
| 22:40 | Create | Villager (Male) |
| 22:40 | Create | Villager (Male) |
| 22:54 | Create | Villager (Male) |
| 22:55 | Create | Villager (Male) |
| 23:01 | Create | Cavalry Archer |
| 23:01 | Create | Cavalry Archer |
| 23:16 | Create | Cavalry Archer |
| 23:17 | Create | Cavalry Archer |
| 23:28 | Build | Farm |
| 23:31 | Build | Farm |
| 23:35 | Build | Farm |
| 23:36 | Create | Villager (Male) |
| 23:37 | Create | Villager (Male) |
| 23:37 | Create | Villager (Male) |
| 23:39 | Create | Villager (Male) |
| 23:41 | Create | Villager (Male) |
| 23:48 | Create | Cavalry Archer |
| 23:49 | Create | Cavalry Archer |
| 24:05 | Research | Gold Mining |
| 24:05 | Research | Stone Mining |
| 24:10 | Create | Villager (Male) |
Build order — Axel_Matic
First 150 of 792 actions detected
| 0:03 | Create | Villager (Male) |
| 0:03 | Create | Villager (Male) |
| 0:04 | Create | Villager (Male) |
| 0:06 | Build | House |
| 0:18 | Research | Loom |
| 0:34 | Build | House |
| 0:57 | Create | Villager (Male) |
| 1:02 | Build | House |
| 1:38 | Build | Mill |
| 1:40 | Create | Villager (Male) |
| 2:06 | Create | Villager (Male) |
| 2:49 | Create | Villager (Male) |
| 2:53 | Create | Villager (Male) |
| 3:25 | Create | Villager (Male) |
| 4:11 | Create | Villager (Male) |
| 4:11 | Create | Villager (Male) |
| 4:31 | Create | Villager (Male) |
| 5:17 | Create | Villager (Male) |
| 5:18 | Create | Villager (Male) |
| 5:35 | Build | House |
| 6:05 | Create | Villager (Male) |
| 6:05 | Create | Villager (Male) |
| 6:24 | Build | House |
| 6:47 | Build | Lumber Camp |
| 6:57 | Create | Villager (Male) |
| 7:21 | Create | Villager (Male) |
| 7:46 | Research | Feudal Age |
| 8:15 | Build | Mining Camp |
| 8:57 | Build | Farm |
| 9:32 | Create | Villager (Male) |
| 9:32 | Create | Villager (Male) |
| 10:08 | Age | Feudal Age |
| 10:11 | Build | Market |
| 10:21 | Build | Blacksmith |
| 10:25 | Create | Villager (Male) |
| 10:31 | Research | Double-Bit Axe |
| 10:34 | Research | Horse Collar |
| 11:04 | Create | Villager (Male) |
| 11:04 | Create | Villager (Male) |
| 11:08 | Build | Farm |
| 11:13 | Build | Farm |
| 11:19 | Build | House |
| 11:25 | Build | House |
| 11:33 | Create | Villager (Male) |
| 11:54 | Build | Farm |
| 11:58 | Build | Farm |
| 12:15 | Create | Villager (Male) |
| 12:23 | Build | House |
| 12:24 | Build | House |
| 12:31 | Build | Farm |
| 12:35 | Build | Farm |
| 12:46 | Create | Villager (Male) |
| 12:50 | Build | Farm |
| 13:13 | Create | Villager (Male) |
| 13:19 | Build | House |
| 13:20 | Build | House |
| 13:22 | Build | House |
| 13:23 | Build | House |
| 13:30 | Build | Farm |
| 13:34 | Build | Farm |
| 13:38 | Create | Villager (Male) |
| 14:14 | Create | Villager (Male) |
| 14:14 | Create | Villager (Male) |
| 14:25 | Build | Farm |
| 15:12 | Build | Farm |
| 15:13 | Build | Farm |
| 15:15 | Create | Villager (Male) |
| 15:15 | Create | Villager (Male) |
| 15:26 | Build | Farm |
| 15:32 | Build | Barracks |
| 15:45 | Build | Farm |
| 15:51 | Create | Villager (Male) |
| 16:14 | Build | Farm |
| 16:39 | Research | Castle Age |
| 16:39 | Research | Castle Age |
| 17:05 | Build | Stable |
| 17:11 | Build | Archery Range |
| 17:15 | Research | Wheelbarrow |
| 17:21 | Research | Town Watch |
| 19:03 | Build | Farm |
| 19:04 | Build | Farm |
| 19:13 | Create | Villager (Male) |
| 19:13 | Create | Villager (Male) |
| 19:19 | Age | Castle Age |
| 19:24 | Build | Town Center |
| 19:32 | Build | Town Center |
| 19:40 | Research | Bow Saw |
| 20:35 | Create | Villager (Male) |
| 20:36 | Create | Villager (Male) |
| 20:36 | Create | Villager (Male) |
| 20:41 | Create | Villager (Male) |
| 20:41 | Create | Villager (Male) |
| 20:41 | Create | Villager (Male) |
| 20:51 | Build | Monastery |
| 20:54 | Create | Villager (Male) |
| 20:55 | Create | Villager (Male) |
| 21:33 | Research | Bloodlines |
| 21:37 | Research | Scale Barding Armor |
| 21:41 | Create | Monk |
| 21:45 | Research | Fervor |
| 21:52 | Research | Gold Mining |
| 21:52 | Research | Stone Mining |
| 21:59 | Create | Villager (Male) |
| 21:59 | Create | Villager (Male) |
| 22:01 | Research | Hand Cart |
| 22:04 | Create | Villager (Male) |
| 22:04 | Create | Villager (Male) |
| 22:09 | Build | Farm |
| 22:36 | Create | Villager (Male) |
| 22:38 | Create | Villager (Male) |
| 22:38 | Create | Villager (Male) |
| 22:48 | Research | Forging |
| 22:54 | Build | Farm |
| 22:59 | Build | Farm |
| 23:02 | Create | Villager (Male) |
| 23:03 | Create | Villager (Male) |
| 23:14 | Build | Town Center |
| 23:18 | Create | Villager (Male) |
| 23:19 | Create | Villager (Male) |
| 23:20 | Create | Villager (Male) |
| 23:39 | Research | Iron Casting |
| 24:00 | Create | Villager (Male) |
| 24:00 | Create | Villager (Male) |
| 24:01 | Create | Villager (Male) |
| 24:01 | Create | Villager (Male) |
| 24:01 | Create | Villager (Male) |
| 24:01 | Create | Villager (Male) |
| 24:46 | Create | Villager (Male) |
| 24:46 | Create | Villager (Male) |
| 24:46 | Create | Villager (Male) |
| 24:48 | Create | Villager (Male) |
| 24:54 | Research | Elite Skirmisher (upgrade) |
| 25:05 | Build | Farm |
| 25:12 | Create | Villager (Male) |
| 25:13 | Create | Villager (Male) |
| 25:14 | Create | Villager (Male) |
| 25:19 | Create | Villager (Male) |
| 25:19 | Create | Villager (Male) |
| 25:19 | Create | Villager (Male) |
| 25:21 | Create | Villager (Male) |
| 25:21 | Create | Villager (Male) |
| 25:28 | Research | Fletching |
| 25:43 | Build | University |
| 25:46 | Create | Villager (Male) |
| 25:46 | Create | Villager (Male) |
| 25:47 | Create | Villager (Male) |
| 25:47 | Create | Villager (Male) |
| 25:47 | Create | Villager (Male) |
| 26:13 | Create | Villager (Male) |
| 26:13 | Create | Villager (Male) |
Match timeline
| 8:24 | kuzeyin oğlu · first_building Barracks |
| 8:55 | gazza17 · first_building Barracks |
| 10:08 | gazza17 · age_up feudal |
| 10:08 | Axel_Matic · age_up feudal |
| 10:57 | AYUDA-PERÚ · age_up feudal |
| 11:39 | Chino98 · age_up feudal |
| 11:45 | Goup · age_up feudal |
| 12:17 | gazza17 · first_building Stable |
| 12:19 | kuzeyin oğlu · age_up feudal |
| 12:53 | AYUDA-PERÚ · first_building Barracks |
| 13:33 | kuzeyin oğlu · first_market_sell 100 stone |
| 13:34 | kuzeyin oğlu · first_market_buy 100 food |
| 14:31 | AYUDA-PERÚ · age_up castle |
| 14:57 | AYUDA-PERÚ · first_building Siege Workshop |
| 15:11 | kuzeyin oğlu · first_building Archery Range |
| 15:32 | Axel_Matic · first_building Barracks |
| 15:50 | Chino98 · age_up castle |
| 16:45 | kuzeyin oğlu · age_up castle |
| 17:05 | Axel_Matic · first_building Stable |
| 17:11 | Axel_Matic · first_building Archery Range |
| 17:37 | gazza17 · age_up castle |
| 17:47 | gazza17 · first_building Monastery |
| 19:07 | Chino98 · first_building Monastery |
| 19:19 | Axel_Matic · age_up castle |
| 19:27 | Goup · age_up castle |
| 20:51 | Axel_Matic · first_building Monastery |
| 22:13 | Chino98 · first_building Castle |
| 22:17 | Chino98 · first_building Siege Workshop |
| 22:20 | Chino98 · first_building Barracks |
| 23:03 | Goup · first_building Castle |
| 25:37 | AYUDA-PERÚ · first_building Monastery |
| 26:12 | Chino98 · first_building Stable |
| 26:47 | Axel_Matic · first_building Siege Workshop |
| 27:15 | kuzeyin oğlu · first_building Castle |
| 27:57 | AYUDA-PERÚ · first_building Castle |
| 28:04 | Goup · age_up imperial |
| 28:15 | AYUDA-PERÚ · first_building Archery Range |
| 28:27 | Chino98 · first_market_buy 100 food |
| 28:34 | Axel_Matic · first_market_buy 100 food |
| 30:08 | AYUDA-PERÚ · age_up imperial |
| 30:47 | gazza17 · age_up imperial |
| 30:51 | Axel_Matic · first_building Castle |
| 31:43 | Chino98 · age_up imperial |
| 31:52 | Axel_Matic · age_up imperial |
| 33:08 | Chino98 · first_building Archery Range |
| 33:31 | AYUDA-PERÚ · first_market_sell 100 food |
| 34:29 | kuzeyin oğlu · age_up imperial |
| 35:42 | kuzeyin oğlu · first_building Stable |
| 35:43 | AYUDA-PERÚ · first_market_buy 100 stone |
| 42:25 | gazza17 · first_building Castle |
| 51:23 | AYUDA-PERÚ · wall_segment Stone Wall x4 |
| 53:57 | AYUDA-PERÚ · wall_segment Stone Wall x7 |
| 56:22 | Goup · first_market_sell 100 food |
| 58:03 | AYUDA-PERÚ · wall_segment Stone Wall x3 |
| 58:09 | AYUDA-PERÚ · wall_segment Stone Wall x5 |
| 58:23 | AYUDA-PERÚ · wall_segment Stone Wall x5 |
| 59:06 | AYUDA-PERÚ · wall_segment Stone Wall x5 |
| 59:14 | Chino98 · first_market_sell 100 wood |
| 60:49 | AYUDA-PERÚ · wall_segment Stone Wall x16 |
| 61:01 | Axel_Matic · resign |
[ AI ANALYSIS · 1 CREDIT ]
What really happened in this match?
Wolo.gg analyzes every decision: build order, eco, micro, common mistakes by bracket. Personalized analysis on WhatsApp or Discord in 30 seconds.
Civ guide
Lithuanians
Perfil
Jugador #971663